 Dungeon Crawl Stone Soup version 0.29-a0-393-g47a863cc1b (webtiles) character file.

Game seed: 1766809340273398567

1068 jfcaron the Ducker (level 8, -6/94 HPs)
             Began as a Gnoll Gladiator on May 10, 2022.
             Mangled by a hornet (7 damage)
             ... on level 5 of the Dungeon.
             The game lasted 00:11:29 (5037 turns).

jfcaron the Ducker (Gnoll Gladiator)                Turns: 5037, Time: 00:11:31

Health: -6/94      AC: 24    Str: 13    XL:     8   Next: 28%
Magic:  12/12      EV:  2    Int:  9    God:
Gold:   243        SH:  0    Dex: 15    Spells: 13/13 levels left

rFire   . . .      SeeInvis .   m - +0 dagger (drain)
rCold   . . .      Faith    .   (no shield)
rNeg    . . .      Spirit   .   (body armour currently unavailable)
rPois   +          Reflect  .   (helmet currently unavailable)
rElec   .          Harm     .   (cloak currently unavailable)
rCorr   .          Rampage  .   (gloves currently unavailable)
Will    .....      NoTele   +   (boots currently unavailable)
Stlth   ++........              (no amulet)
HPRegen 0.25/turn               t - ring of flight
MPRegen 0.13/turn               (no ring)

@: mighty, brilliant, lethally poisoned (-6 -> -7), tree-form, attractive,
invisible
A: stationary, stasis, torment immunity, boosted hp, (fangs 1), strong nose,
distributed training
a: no special abilities


You were on level 5 of the Dungeon.
You were a tree.
You visited 1 branch of the dungeon, and saw 5 of its levels.
You also visited: Sewer.

You collected 243 gold pieces.

Inventory:

Hand Weapons
 a - a +0 quarterstaff
 l - a +1 dagger of protection
 m - a +0 dagger of draining (weapon)
 H - a +1 whip of flaming
Missiles
 d - 4 throwing nets {!f}
 e - a javelin
 h - 11 poisoned darts
 k - 113 stones (quivered)
Armour
 b - a +0 leather armour
 c - a +0 helmet (melded)
 r - a +0 ring mail
 y - a +0 chain mail (melded)
Jewellery
 t - a ring of flight (left branch)
Wands
 G - a wand of flame (18)
Scrolls
 f - a scroll of brand weapon {unknown}
 g - a scroll of fog {unknown}
 i - a scroll of identify {unknown}
 n - a scroll of noise
 p - a scroll of enchant weapon {unknown}
 u - a scroll of torment {unknown}
 v - a scroll of immolation {unknown}
 x - a scroll of acquirement {unknown}
 E - a scroll of teleportation {unknown}
 F - a scroll of poison {unknown}
 I - a scroll of vulnerability {unknown}
Potions
 w - a potion of curing {unknown}
 z - a potion of mutation
 A - a potion of resistance {unknown}
 B - a potion of flight
 C - a potion of heal wounds {unknown}
 D - 3 potions of lignification
 J - a potion of haste {unknown}


   Skills:
 + Level 5.6 Fighting
 + Level 3.1 Short Blades
 + Level 3.1 Long Blades
 + Level 3.1 Axes
 + Level 3.1 Maces & Flails
 + Level 3.1 Polearms
 + Level 7.3 Staves
 + Level 3.1 Slings
 + Level 3.1 Bows
 + Level 3.1 Crossbows
 + Level 5.6 Throwing
 + Level 3.1 Armour
 + Level 7.3 Dodging
 + Level 3.1 Stealth
 + Level 3.1 Shields
 + Level 3.1 Unarmed Combat
 + Level 3.1 Spellcasting
 + Level 2.5 Conjurations
 + Level 2.5 Hexes
 + Level 2.5 Summonings
 + Level 2.5 Necromancy
 + Level 2.5 Translocations
 + Level 2.5 Transmutations
 + Level 2.5 Fire Magic
 + Level 2.5 Ice Magic
 + Level 2.5 Air Magic
 + Level 2.5 Earth Magic
 + Level 2.5 Poison Magic
 + Level 3.4 Invocations
 + Level 3.1 Evocations


You had 13 spell levels left.
You didn't know any spells.
Your spell library contained the following spells:

 Spells                   Type           Power      Damage    Failure   Level
 Apportation              Tloc           16%        N/A       11%         1
 Pain                     Necr           32%        1d5       11%         1
 Corpse Rot               Necr/Air       16%        N/A       16%         2
 Poisonous Vapours        Pois/Air       16%        N/A       16%         2
 Call Canine Familiar     Summ           8%         N/A       32%         3
 Portal Projectile        Hex/Tloc       16%        N/A       32%         3
 Leda's Liquefaction      Hex/Erth       4%         N/A       71%         4
 Agony                    Necr           8%         N/A       96%         5
 Alistair's Intoxication  Tmut/Pois      5%         N/A       96%         5
 Excruciating Wounds      Necr           4%         N/A       96%         5


Dungeon Overview and Level Annotations

Branches:
Dungeon (5/15)              Sewer (visited)
 Temple: D:4-7

Altars:
Makhleb
Wu Jian

Shops:
D:2 (   D:3 [   D:4 =

Annotations:
D:3 3 runed translucent doors, NinjaNoafa's ghost, amateur HOMo
D:4 1 transporter, dolemite99's ghost, novice HOFi


Innate Abilities, Weirdness & Mutations

You are a tree.
Your roots penetrate the ground, keeping you stationary.
You cannot be teleported.
You are immune to unholy pain and torment.
Your maximum health is greatly increased.
Your equipment is partially melded.
((You have very sharp teeth.))
Your uncanny sense of smell can sniff out nearby items.
Your experience applies equally to all skills.


Message History

You are more poisoned.
Okay, then.
Unknown command.
Throw: 12 darts (poison)
Press: ? - help, Shift-Dir - straight line, f - hornet
Aim: a hornet (lightly wounded, lightly drained, 50% to hit)
You throw a poisoned dart. The poisoned dart hits the hornet.
The hornet is lightly wounded.
You feel very sick.
The hornet stings you but does no damage.
The hornet stings you.
* * * LOW HITPOINT WARNING * * *
Unknown command.
It was a potion of mutation.
You feel extremely strange.
You feel yourself speed up.
* * * LOW HITPOINT WARNING * * *
You feel sick.
The hornet stings you but does no damage. x2
Unknown command.
It was a potion of brilliance.
You feel clever all of a sudden.
* * * LOW HITPOINT WARNING * * *
You feel sick. The hornet barely misses you.
It was a potion of invisibility.
You fade into invisibility!
* * * LOW HITPOINT WARNING * * *
You feel sick.
The hornet stings you but does no damage. x2
It was a potion of might.
You feel very mighty all of a sudden.
* * * LOW HITPOINT WARNING * * *
You feel sick.
The hornet stings you but does no damage.
It was a potion of attraction.
You feel attractive to monsters.
* * * LOW HITPOINT WARNING * * *
You feel sick.
The hornet stings you but does no damage.
The hornet stings you!
You die...

,,* *,,*
*,,,......*****,,,,,,
,,****,** *,***....#*
**.,,,,, ,,,,,,,** #*,*
*#...# *##..,,,,,
,,,,**,,* #.,*
*...###....,,,,,
,,,****,####.#*
*#......#*,,,**, ,,,*
*,.(....#*
#....#***,,***, ,,**
*,*#..(..#####..#* **,,*
*, ***
****,,,#(y#...†.#***,,,*
*<
*,,*###♣###..(#*,,,****,
**,* #..# ##...(($,***,,
*** #.## *..((...**,,,
##.# *...h((.,,,,, #..#
**.......,,,,,
###.#####...####.,,,,,
#...........#* ***,,**
##..........,,* **,**
###...........,,**
***,**


You could see a hornet (can't see you, drained).

Vanquished Creatures
  Pikel (D:3)
  Pargi (Sewer)
  A black bear (D:5)
  4 lemures
  A scorpion (D:4)
  A hound (D:5)
  An orc priest (D:5)
  An iguana (D:5)
  Natasha (thrice) (D:2)
  An orc wizard (D:5)
  8 adders
  4 worms
  A dart slug (D:2)
  6 orcs
  5 ball pythons
  3 bats
  7 endoplasms
  9 giant cockroaches
  10 goblins
  3 hobgoblins
  11 jackals
  2 quokkas
  6 frilled lizards
  11 kobolds
  3 rats
104 creatures vanquished.

Notes
Turn   | Place    | Note
-------+----------+-------------------------------------------
     0 | D:1      | jfcaron the Gnoll Gladiator began the quest for the Orb.
     0 | D:1      | Reached XP level 1. HP: 20/20 MP: 1/1
    28 | D:1      | Reached XP level 2. HP: 25/26 MP: 2/2
   947 | D:2      | Reached XP level 3. HP: 31/31 MP: 3/3
  1013 | D:2      | Noticed Natasha
  1024 | D:2      | Killed Natasha
  1025 | D:2      | Reached skill level 1 in Short Blades
  1025 | D:2      | Reached skill level 1 in Long Blades
  1025 | D:2      | Reached skill level 1 in Axes
  1025 | D:2      | Reached skill level 1 in Maces & Flails
  1025 | D:2      | Reached skill level 1 in Polearms
  1025 | D:2      | Reached skill level 1 in Slings
  1025 | D:2      | Reached skill level 1 in Bows
  1025 | D:2      | Reached skill level 1 in Crossbows
  1025 | D:2      | Reached skill level 1 in Armour
  1025 | D:2      | Reached skill level 1 in Stealth
  1025 | D:2      | Reached skill level 1 in Shields
  1025 | D:2      | Reached skill level 1 in Unarmed Combat
  1025 | D:2      | Reached skill level 1 in Spellcasting
  1025 | D:2      | Reached skill level 1 in Invocations
  1025 | D:2      | Reached skill level 1 in Evocations
  1327 | D:2      | Reached XP level 4. HP: 33/38 MP: 5/5
  1369 | D:2      | Noticed Natasha
  1378 | D:2      | Killed Natasha
  1379 | D:2      | Reached skill level 1 in Conjurations
  1379 | D:2      | Reached skill level 1 in Hexes
  1379 | D:2      | Reached skill level 1 in Summonings
  1379 | D:2      | Reached skill level 1 in Necromancy
  1379 | D:2      | Reached skill level 1 in Translocations
  1379 | D:2      | Reached skill level 1 in Transmutations
  1379 | D:2      | Reached skill level 1 in Fire Magic
  1379 | D:2      | Reached skill level 1 in Ice Magic
  1379 | D:2      | Reached skill level 1 in Air Magic
  1379 | D:2      | Reached skill level 1 in Earth Magic
  1379 | D:2      | Reached skill level 1 in Poison Magic
  1592 | D:2      | Found Neastra's Weapon Emporium.
  1918 | D:2      | Reached XP level 5. HP: 39/43 MP: 6/6
  2065 | D:2      | Noticed Natasha
  2072 | D:2      | Killed Natasha
  2579 | D:3      | Found a runed translucent gate.
  2579 | D:3      | Found a runed translucent gate.
  2579 | D:3      | Found a runed translucent gate.
  2932 | D:3      | Found a burning altar of Makhleb.
  3130 | D:3      | Found an ornate altar of the Wu Jian Council.
  3153 | D:3      | Found Zitak's Antique Armour Emporium.
  3336 | D:3      | Noticed NinjaNoafa's ghost (amateur HOMo)
  3429 | D:4      | Noticed a lemure
  3430 | D:4      | Noticed Pikel
  3431 | D:4      | Noticed a lemure
  3436 | D:4      | Reached XP level 6. HP: 46/50 MP: 8/8
  3928 | D:2      | HP: 9/50 [lemure[Pikel] (2)]
  4221 | D:3      | Killed Pikel
  4222 | D:3      | Reached skill level 5 in Fighting
  4222 | D:3      | Reached skill level 5 in Throwing
  4222 | D:3      | Reached XP level 7. HP: 19/56 MP: 8/11
  4540 | D:4      | Found Jualaiwn's Jewellery Shoppe.
  4555 | D:4      | Found a transporter.
  4558 | D:4      | Noticed dolemite99's ghost (novice HOFi)
  4561 | D:5      | Entered Level 5 of the Dungeon
  4614 | D:5      | Found a glowing drain.
  4675 | Sewer    | Entered a sewer
  4791 | Sewer    | Noticed Pargi
  4798 | Sewer    | Killed Pargi
  4799 | Sewer    | Reached XP level 8. HP: 63/63 MP: 12/12
  5017 | D:5      | Noticed a hornet
  5031 | D:5      | HP: 14/94 [hornet (9)]
  5033 | D:5      | HP: 5/94 [poisoned by a hornet]
  5036 | D:5      | HP: 2/94 [poisoned by a hornet]
  5037 | D:5      | Mangled by a hornet

Illustrated notes

Levels and vault maps discovered:
D:1:      roderic_chinese_lattice_arrival, layout_rooms
D:2:      layout_basic, serial_shops, nicolae_square_shop, uniq_natasha
D:3:      layout_basic, lemuel_coloured_pillars_altar, lemuel_tele_altar,
          serial_shops, nicolae_shop_behind_doors, gammafunk_ghost_icy,
          dreamdust_princess_bridge
D:4:      layout_cave_pools, serial_shops, shop, gammafunk_ghost_arena,
          minmay_box_of_dots, uniq_pikel
D:5:      layout_layer_cave, gup_sewer_entry_glass, minmay_ogre_servants,
          uniq_eustachio

Skill      XL: |  1  2  3  4  5  6  7  8 |
---------------+-------------------------+-----
Short Blades   | 1 2 3 |  3.1
Long Blades    | 1 2 3 |  3.1
Axes           | 1 2 3 |  3.1
Maces & Flails | 1 2 3 |  3.1
Polearms       | 1 2 3 |  3.1
Slings         | 1 2 3 |  3.1
Bows           | 1 2 3 |  3.1
Crossbows      | 1 2 3 |  3.1
Armour         | 1 2 3 |  3.1
Stealth        | 1 2 3 |  3.1
Shields        | 1 2 3 |  3.1
Unarmed Combat | 1 2 3 |  3.1
Spellcasting   | 1 2 3 |  3.1
Invocations    | 1 2 3 |  3.4
Evocations     | 1 2 3 |  3.1
Conjurations   | 1 2 |  2.5
Hexes          | 1 2 |  2.5
Summonings     | 1 2 |  2.5
Necromancy     | 1 2 |  2.5
Translocations | 1 2 |  2.5
Transmutations | 1 2 |  2.5
Fire Magic     | 1 2 |  2.5
Ice Magic      | 1 2 |  2.5
Air Magic      | 1 2 |  2.5
Earth Magic    | 1 2 |  2.5
Poison Magic   | 1 2 |  2.5
Fighting       | 5 |  5.6
Staves         | 7 |  7.3
Throwing       | 5 |  5.6
Dodging        | 7 |  7.3

Action                   |  1- 3 |  4- 6 |  7- 9 || total
-------------------------+-------+-------+-------++-------
Melee: Quarterstaff      |    48 |   156 |       ||   204
       Bite              |     4 |    11 |    14 ||    29
       Dagger            |       |       |   112 ||   112
       Punch             |       |       |     6 ||     6
Throw: Stone             |    33 |   104 |    24 ||   161
       Dart              |    12 |    20 |     2 ||    34
Evoke: Wand              |       |       |     3 ||     3
  Use: Scroll            |       |     2 |     1 ||     3
       Potion            |       |     1 |     6 ||     7
Armor: Leather armour    |     9 |       |       ||     9
       Ring mail         |     6 |     6 |       ||    12
       Chain mail        |       |    62 |    56 ||   118
       Skin              |       |       |    11 ||    11
Dodge: Dodged            |    20 |    60 |    37 ||   117

Table legend: (Time is in decaauts)
 A = Elapsed time spent in this place.
 B = Non-inter-level travel time spent in this place.
 C = Inter-level travel time spent in this place.
 D = Time resting spent in this place.
 E = Time spent auto-exploring this place.
 F = Levels seen in this place.
 G = Mean time per level.
                   A        B        C        D        E       F      G
               +--------+--------+--------+--------+--------+-----+--------+
         Total |   5014 |   4869 |    145 |   1916 |   2028 |   6 |  835.7 |
       Dungeon |   4863 |   4718 |    145 |   1916 |   1915 |   5 |  972.6 |
         Sewer |    151 |    151 |      0 |      0 |    113 |   1 |  151.0 |
               +--------+--------+--------+--------+--------+-----+--------+

Top non-repeatable levels by time:
     D:2: 2010 daAuts
     D:3: 1498 daAuts
     D:1: 917 daAuts
     D:5: 309 daAuts
   Sewer: 151 daAuts
     D:4: 127 daAuts
